 Dungeon Crawl Stone Soup version 0.22-a0-482-g76e0a5f51a (webtiles) character file.

347296 nulman the Minotaur Blade (level 21, -8/209 HPs)
             Began as a Minotaur Berserker on June 16, 2018.
             Was a High Priest of Trog.
             Killed by the air
             ... invoked by a titan
              (16 damage)
             ... on level 5 of the Vaults on June 17, 2018.
             The game lasted 07:05:08 (45737 turns).

nulman the Minotaur Blade (Minotaur Berserker)     Turns: 45737, Time: 07:05:09

Health: -8/209     AC: 20    Str: 34      XL:     21   Next: 21%
Magic:  20/20      EV: 21    Int:  2 (4)  God:    Trog [*****.]
Gold:   3786       SH:  8    Dex: 15      Spells: 20/20 levels left

rFire    . . .     SeeInvis +   m - +9 double sword (protect)
rCold    + . .     Gourm    .   s - +0 buckler of Disaster {rPois rCorr}
rNeg     . . .     Faith    +   e - +5 ring mail of the Stars {+Inv rC+ Regen+ Str+3}
rPois    +         Spirit   .   p - +2 hat
rElec    .         Reflect  .   F - +0 cloak
rCorr    +         Harm     .   W - +0 pair of gloves
MR       +....     Rnd*Tele +   t - +0 pair of boots
Stlth    ++........             X - amulet of faith
HPRegen  0.84/turn              P - ring of the Skies Above {Str+4 Stlth+}
MPRegen  0.17/turn              h - ring of see invisible

@: very slightly contaminated, hasted, heavily drained, very quick
A: retaliatory headbutt, horns 2, teleportitis 2
}: 2/15 runes: decaying, gossamer
a: Berserk, Trog's Hand, Brothers in Arms, Renounce Religion, Evoke Invisibility


You were on level 5 of the Vaults.
You worshipped Trog.
Trog was extremely pleased with you.
You were not hungry.

You visited 8 branches of the dungeon, and saw 38 of its levels.
You also visited: Ossuary and Bailey.

You collected 4496 gold pieces.
You spent 710 gold pieces at shops.

Inventory:

Hand Weapons
 a - the +6 long sword of a volcano {slice, +Blink +Fly Int-2}
   (Trog gifted it to you on level 6 of the Lair of Beasts)

   It inflicts extra damage upon your enemies.
   It affects your intelligence (-2).
   It lets you fly.
   It lets you blink.
 m - a +9 double sword of protection (weapon)
 n - a +3 falchion of electrocution
 U - a +3 antimagic double sword
 Y - a +6 long sword of holy wrath
 Z - the +6 scimitar of Valour {slice, *Rage MR+ Int+3}
   (You took it off a centaur on level 10 of the Dungeon)

   It inflicts extra damage upon your enemies.
   It affects your intelligence (+3).
   It affects your resistance to hostile enchantments.
   It may make you go berserk in combat.
Missiles
 d - 39 tomahawks of returning (quivered)
Armour
 e - the +5 ring mail of the Stars (worn) {+Inv rC+ Regen+ Str+3}
   (You found it on level 14 of the Dungeon)

   It affects your strength (+3).
   It protects you from cold.
   It lets you turn invisible.
   It increases your rate of regeneration.
 p - a +2 hat (worn)
 s - the +0 buckler of Disaster (worn) {rPois rCorr}
   (You bought it in a shop on level 2 of the Orcish Mines)

   It protects you from poison.
   It protects you from acid and corrosion.
 t - a +0 pair of boots (worn)
 F - a +0 cloak (worn)
 W - a +0 pair of gloves (worn)
Jewellery
 h - a ring of see invisible (right hand)
 A - an uncursed ring of fire
 B - an uncursed ring of protection from cold
 P - the ring of the Skies Above (left hand) {Str+4 Stlth+}
   (You found it on level 3 of the Spider Nest)

   [ring of stealth]

   It affects your strength (+4).
   It makes you more stealthy.
 S - an uncursed amulet of the acrobat
 X - an amulet of faith (around neck)
Wands
 j - a wand of disintegration (9)
 l - a wand of digging (49)
 q - a wand of polymorph (32)
 H - a wand of paralysis (34)
 J - a wand of flame (48)
 R - a wand of iceblast (32)
 V - a wand of acid (23)
Scrolls
 f - 7 scrolls of identify
 g - 8 scrolls of enchant weapon
 i - 14 scrolls of teleportation
 k - a scroll of holy word
 o - 7 scrolls of magic mapping
 u - 7 scrolls of blinking
 y - 13 scrolls of remove curse
 z - 4 scrolls of enchant armour
 E - 6 scrolls of fear
 I - 2 scrolls of summoning
 M - 3 scrolls of fog
Potions
 b - 2 potions of might
 r - 4 potions of haste
 v - 5 potions of cancellation
 x - 2 potions of resistance
 G - 16 potions of curing
 K - 2 potions of magic
 L - 6 potions of berserk rage
 N - 6 potions of flight
 O - 5 potions of agility
 T - 6 potions of ambrosia
Miscellaneous
 w - a phantom mirror
 Q - a phial of floods
Comestibles
 c - 53 rations
 C - 6 chunks of flesh


   Skills:
 + Level 22.7(20.4) Fighting
 + Level 23.9(21.6) Long Blades
 + Level 17.3(15.3) Armour
 * Level 16.2(14.1) Dodging
 + Level 16.0(14.0) Shields


You had 20 spell levels left.
You didn't know any spells.
Your spell library contained the following spells:

 Spells                   Type           Power        Failure   Level  Hunger
 Cause Fear               Hex            #.........   100%        4    #####..
 Magic Dart               Conj           #...         63%         1    ##.....
 Conjure Flame            Conj/Fire      #.......     94%         3    ####...
 Bolt of Fire             Conj/Fire      #.........   100%        6    #######
 Bolt of Cold             Conj/Ice       #.........   100%        6    #######
 Bolt of Magma            Conj/Fire/Erth #.........   100%        5    ######.
 Slow                     Hex            #.......     77%         2    ###....
 Throw Flame              Conj/Fire      #.....       77%         2    ###....
 Throw Frost              Conj/Ice       #.....       77%         2    ###....
 Freezing Cloud           Conj/Ice/Air   #.........   100%        6    #######
 Mephitic Cloud           Conj/Pois/Air  #.......     94%         3    ####...
 Olgreb's Toxic Radiance  Pois           #.......     100%        4    #####..
 Summon Small Mammal      Summ           #...         63%         1    ##.....
 Blink                    Tloc           N/A          77%         2    ###....
 Iskenderun's Mystic Bla  Conj           #.......     100%        4    #####..
 Pain                     Necr           #...         63%         1    ##.....
 Freeze                   Ice            #...         63%         1    ##.....
 Ozocubu's Refrigeration  Ice            #.........   100%        6    #######
 Summon Ice Beast         Ice/Summ       #.......     100%        4    #####..
 Ozocubu's Armour         Chrm/Ice       #.......     94%         3    ####...
 Call Imp                 Summ           #.......     77%         2    ###....
 Regeneration             Chrm/Necr      #.........   94%         3    ####...
 Corpse Rot               Necr           N/A          77%         2    ###....
 Iron Shot                Conj/Erth      #.........   100%        6    #######
 Stone Arrow              Conj/Erth      #.....       94%         3    ####...
 Statue Form              Tmut/Erth      #........    100%        6    #######
 Ice Form                 Ice/Tmut       #.......     100%        4    #####..
 Dragon Form              Tmut           #.........   100%        7    #######
 Deflect Missiles         Chrm/Air       #.........   100%        6    #######
 Throw Icicle             Conj/Ice       #.......     100%        4    #####..
 Sticks to Snakes         Tmut           #.......     77%         2    ###....
 Call Canine Familiar     Summ           #.......     94%         3    ####...
 Metabolic Englaciation   Hex/Ice        #.........   100%        5    ######.
 Silence                  Hex/Air        #.........   100%        5    ######.
 Shatter                  Erth           #.........   100%        9    #######
 Simulacrum               Ice/Necr       #.........   100%        6    #######
 Petrify                  Tmut/Erth      #.......     100%        4    #####..
 Leda's Liquefaction      Hex/Erth       #.........   100%        4    #####..
 Summon Hydra             Summ           #.........   100%        7    #######
 Inner Flame              Hex/Fire       #.......     94%         3    ####...
 Fulminant Prism          Conj/Hex       #.........   100%        4    #####..
 Dazzling Spray           Conj/Hex       #.....       94%         3    ####...
 Force Lance              Conj/Tloc      #.......     100%        4    #####..
 Searing Ray              Conj           #.....       77%         2    ###....
 Discord                  Hex            #.........   100%        8    #######
 Summon Forest            Summ/Tloc      #.........   100%        5    ######.
 Summon Lightning Spire   Summ/Air       #.......     100%        4    #####..
 Summon Guardian Golem    Hex/Summ       #.......     94%         3    ####...
 Hydra Form               Tmut           #.........   100%        6    #######
 Irradiate                Conj/Tmut      #.........   100%        5    ######.
 Yara's Violent Unravell  Hex/Tmut       #.........   100%        5    ######.


Dungeon Overview and Level Annotations

Branches:
Dungeon (15/15)            Temple (1/1) D:4            Lair (6/6) D:11
  Swamp (4/4) Lair:3       Spider (4/4) Lair:3        Slime (0/5) Lair:6
    Orc (2/2) D:11            Elf (0/3) Orc:2        Vaults (5/5) D:13
  Crypt (0/3) Vaults:3     Depths (1/5) D:15

Altars:
Ashenzari
Cheibriados
Dithmenos
Elyvilon
Fedhas
Gozag
Hepliaklqana
Kikubaaqudgha
Makhleb
Nemelex Xobeh
Okawaru
Qazlal
Ru
Sif Muna
Trog
Uskayaw
Vehumet
Wu Jian
Xom
Yredelemnul
Zin
The Shining One
Beogh

Shops:
D:5 *   D:12 %   D:14 ?   D:15 ?   Orc:1 *   Orc:2 ?![*   Vaults:4 (

Portals:
Trove: D:12 (show slimy rune of Zot)

Annotations:
Vaults:5 exclusion: golden dragon


Innate Abilities, Weirdness & Mutations

You reflexively headbutt those who attack you in melee.
You have a pair of horns on your head.
You are sometimes teleported next to monsters.


Message History

The air twists around and strikes you!
You see here a bolt.
The storm dragon breathes lightning at you.
The bolt of lightning hits the titan.
The titan completely resists.
The bolt of lightning misses you.
The tengu reaver gestures wildly while chanting.
The shadow dragon breathes negative energy at you.
The bolt of negative energy hits you!
You feel drained.
* * * LOW HITPOINT WARNING * * *
The deep elf death mage beckons forth a restless soul!
A battlesphere comes into view.
The deep elf mage casts a spell.
The deep elf mage blinks!
The storm dragon breathes lightning at you.
The bolt of lightning hits you!
* * * LOW HITPOINT WARNING * * *
The deep elf death mage beckons forth a restless soul!
The titan waves its arms in wide circles.
The air twists around and strikes you!
You die...

...........#...(#.§§##+
#...........#cp..#§§§#
............#c...#§§§#
.............DD...#§§§###
S.............*C.*.#..§§..
.......*.e.§.$......
#########.....Q....#####
............xOp<(.......
.......@.....p.)<)......
..............<<))$.....
..................(.....
############......(.#####
####.. ............###
####......
....#....#.(....
.......(..
....#....##D.##.
.......... ...
#....##.#### ..........
#....##.# ##


You could see a shadow dragon, an ironheart preserver, a titan, a storm dragon,
a tengu reaver, a vault guard, a ghostly vault guard, a deep elf death mage, a
two-headed ogre shaped shifter, 2 yaktaurs, 2 lost souls and a crawling corpse.

Vanquished Creatures
  Boris (Vaults:3)
  A tentacled monstrosity (Swamp:2)
  A lich (Vaults:3)
  A titan (Vaults:5)
  A quicksilver dragon (Vaults:5)
  An ancient champion (Vaults:3)
  3 sphinxes
  3 thorn hunters
  A tengu reaver (Vaults:5)
  2 fire giants
  A frost giant (D:13)
  4 deep elf sorcerers
  10 vault wardens
  An orc warlord (Orc:2)
  3 ghost moths
  11 emperor scorpions
  15 ironheart preservers
  9 very ugly things
  2 war gargoyles
  7 entropy weavers
  A vampire knight (Vaults:3)
  2 deep elf demonologists (Vaults:4)
  2 stone giants
  2 deep elf annihilators
  7 dire elephants
  2 spark wasps
  4 ettins
  2 deep elf death magi (Vaults:4)
  3 fire dragons
  4 great orbs of eyes
  23 hydras
  An ice dragon (Vaults:3)
  11 yaktaur captains
  23 vault guards
  5 rakshasas
  Erica (D:9)
  6 centaur warriors
  A ghost crab (Swamp:4)
  An anaconda (Lair:6)
  6 death knights
  26 two-headed ogres
  A tengu warrior (D:15)
  3 deep troll earth magi
  3 deep troll shamans
  13 alligators
  5 orc high priests (Orc:2)
  An alligator (shapeshifter) (Vaults:1)
  9 ogre magi
  5 spriggans
  37 slime creatures
  3 deep elf knights
  A storm dragon zombie (Vaults:2)
  2 skeletal warriors (D:13)
  5 shadow wraiths
  18 deep trolls
  3 glowing orange brains
  3 wizards
  6 deep elf archers
  2 flayed ghosts
  9 swamp dragons
  5 shambling mangroves
  7 unseen horrors
  9 deep elf magi
  3 necromancers
  Pikel (D:8)
  3 phantasmal warriors (Vaults:3)
  3 lindwurms (Swamp:4)
  8 ironbrand convokers
  17 orc knights
  17 orb spiders
  7 orc sorcerers
  24 ugly things
  30 wolf spiders
  2 manticores
  2 glowing shapeshifters
  4 oklob plants (Lair:4)
  2 moths of wrath
  A salamander (D:15)
  A tengu skeleton (Vaults:3)
  6 cyclopes
  4 centaur zombies
  A sphinx skeleton (Vaults:2)
  4 elephants (Lair:6)
  4 black mambas (Lair:6)
  A black mamba (shapeshifter) (D:14)
  9 vault sentinels
  2 gargoyles
  Psyche (D:8)
  4 centaur skeletons
  16 spiny frogs
  4 kobold demonologists
  4 freezing wraiths
  29 yaktaurs
  14 demonic crawlers
  7 komodo dragons
  3 rime drakes
  2 komodo dragons (shapeshifter)
  A tengu conjurer (D:15)
  8 trolls
  A wind drake (shapeshifter) (Vaults:4)
  A jumping spider (shapeshifter) (D:13)
  30 jumping spiders
  17 hornets
  4 tyrant leeches
  A queen bee (D:8)
  16 blink frogs
  6 bog bodies
  A human simulacrum (Vaults:2)
  A hippogriff (shapeshifter) (Vaults:3)
  9 dream sheep (Lair:6)
  An ettin zombie (Vaults:3)
  12 hippogriffs
  79 redbacks
  2 shadows
  3 wyverns
  12 wraiths
  20 humans (D:13)
  26 yaks
  35 tarantellas
  Eustachio (D:6)
  A human (shapeshifter) (Vaults:3)
  A steam dragon (Lair:3)
  2 basilisks
  15 vampire mosquitoes
  2 hungry ghosts
  Grum (D:8)
  A yaktaur simulacrum (Vaults:1)
  2 wargs (Vaults:2)
  5 insubstantial wisps (Swamp:4)
  2 soldier ants
  8 acid dragons
  A swamp worm (shapeshifter) (Vaults:5)
  19 swamp worms
  The ghost of htuhola the Conjurer, an amateur DEAE of Sif Muna (D:3)
  17 water moccasins
  6 swamp drakes
  5 porcupines
  A slave (D:8)
  An ice beast (D:11)
  2 ettin simulacra
  47 orc warriors
  A sky beast (D:9)
  6 phantoms
  2 black bears
  A tengu (shapeshifter) (Vaults:3)
  33 ogres
  9 boggarts (Vaults:1)
  3 necrophages
  19 centaurs
  8 wolves
  An orc skeleton (Vaults:2)
  11 crocodiles
  4 big kobolds
  An elf zombie (D:15)
  A gnoll sergeant (D:8)
  15 bullfrogs
  A water moccasin zombie (D:11)
  A scorpion (D:11)
  A wyvern skeleton (D:12)
  31 killer bees
  12 wights
  2 howler monkeys (D:14)
  5 electric eels
  A bullfrog zombie (D:9)
  9 crimson imps
  11 hounds
  A quasit (D:12)
  6 human zombies
  12 jellies
  26 orc wizards
  33 orc priests
  4 iguanas
  10 worker ants
  10 hell rats (Lair:1)
  A killer bee zombie (D:7)
  A big kobold zombie (Ossuary)
  A hound zombie (D:11)
  3 hound skeletons
  11 mummies
  A worker ant zombie (D:11)
  8 adders
  14 gnolls
  17 river rats (Lair:1)
  5 shadow imps
  4 oozes
  3 adder skeletons
  4 worms
  9 dart slugs
  4 leopard geckos
  124 orcs
  8 giant cockroaches
  8 hobgoblins
  7 jackals
  9 quokkas
  7 bats
  A frilled lizard (D:3)
  17 goblins
  A hobgoblin zombie (Ossuary)
  A jackal zombie (D:8)
  42 kobolds
  4 kobold zombies
  4 orc zombies (Ossuary)
  15 rats
  2 briar patches (Swamp:4)
  A butterfly (Lair:2)
  3 plants
1659 creatures vanquished.

Vanquished Creatures (collateral kills)
  A golden dragon (Vaults:5)
  Asterion (Spider:1)
  A vault warden (Vaults:1)
  An emperor scorpion (Spider:4)
  A deep elf demonologist (Vaults:4)
  An ettin (Vaults:3)
  A rakshasa (Vaults:2)
  A vault guard (Vaults:5)
  A centaur warrior (Vaults:1)
  5 two-headed ogres
  An ogre mage (Vaults:2)
  A deep elf knight (Vaults:1)
  A skeletal warrior (Vaults:1)
  A wizard (D:14)
  A flayed ghost (Vaults:1)
  A shambling mangrove (Swamp:2)
  A phantasmal warrior (Vaults:3)
  An ugly thing (Vaults:1)
  2 deep elf magi (Vaults:4)
  3 orb spiders
  A cyclops (Vaults:2)
  2 wolf spiders
  A yaktaur (Vaults:3)
  A freezing wraith (Vaults:3)
  A troll (Orc:1)
  2 jumping spiders
  3 hornets
  4 slime creatures (Vaults:3)
  A tarantella (Spider:1)
  4 redbacks (Spider:1)
  A swamp drake (Swamp:2)
  An eye of draining (shapeshifter) (Vaults:3)
  2 orc warriors
  4 ogres
  An orc wizard (Orc:1)
  2 orc priests
  6 orcs
64 creatures vanquished.

Vanquished Creatures (others)
  A spriggan druid (Swamp:4)
  A wizard (D:4)
  A redback (Spider:2)
  A tarantella (Spider:4)
  A slave (D:8)
  An ogre (Vaults:4)
  A killer bee (D:8)
  A hound (D:8)
  A jelly (D:14)
  An iguana (D:8)
  An orc wizard (Orc:2)
  5 fungi
  4 plants
20 creatures vanquished.

Grand Total: 1743 creatures vanquished

Notes
Turn   | Place    | Note
-------+----------+-------------------------------------------
     0 | D:1      | nulman the Minotaur Berserker began the quest for the Orb.
     0 | D:1      | Reached XP level 1. HP: 19/19 MP: 0/0
   293 | D:1      | Reached skill level 4 in Long Blades
   293 | D:1      | Reached XP level 2. HP: 21/27 MP: 1/1
   928 | D:2      | Found a snail-covered altar of Cheibriados.
  1073 | D:2      | Reached XP level 3. HP: 30/33 MP: 2/2
  1080 | D:2      | Reached skill level 5 in Long Blades
  1121 | D:2      | Reached ** piety under Trog
  1121 | D:2      | Reached XP level 4. HP: 40/41 MP: 3/3
  1271 | D:2      | Reached XP level 5. HP: 46/47 MP: 4/4
  1357 | D:2      | Reached skill level 6 in Long Blades
  1507 | D:2      | Found a bloodstained altar of Trog.
  1519 | D:2      | Found an iron altar of Okawaru.
  1946 | D:3      | Noticed an ogre
  1953 | D:3      | Noticed htuhola's ghost (amateur DEAE)
  2224 | D:4      | Found a staircase to the Ecumenical Temple.
  2260 | Temple   | Entered the Ecumenical Temple
  2384 | D:4      | Found a hide-covered altar of Uskayaw.
  2437 | D:4      | Reached *** piety under Trog
  2562 | D:4      | Reached XP level 6. HP: 38/55 MP: 5/5
  2700 | D:4      | Found a bloodstained altar of Trog.
  2702 | D:4      | Noticed a wizard
  2707 | D:4      | Killed a wizard
  2810 | D:4      | Reached skill level 5 in Fighting
  2958 | D:4      | Found an ornate altar of the Wu Jian Council.
  3010 | D:4      | Reached skill level 7 in Long Blades
  3204 | D:4      | Found an opulent altar of Gozag.
  3430 | D:5      | Entered Level 5 of the Dungeon
  3729 | D:5      | Reached XP level 7. HP: 38/61 MP: 6/6
  3898 | D:5      | Found a sparkling altar of Nemelex Xobeh.
  3914 | D:5      | Found a transporter.
  3928 | D:5      | Found a transporter.
  3939 | D:5      | Reached skill level 8 in Long Blades
  4181 | D:5      | Found Pouph's General Store.
  4206 | D:5      | Bought a scroll of enchant armour for 90 gold pieces
  4206 | D:5      | Bought a scroll of remove curse for 36 gold pieces
  4622 | D:5      | Reached skill level 5 in Armour
  4806 | D:6      | Noticed Eustachio
  4822 | D:6      | Killed Eustachio
  4822 | D:6      | Reached skill level 9 in Long Blades
  4822 | D:6      | Reached XP level 8. HP: 70/70 MP: 7/7
  5014 | D:6      | Noticed a hippogriff
  5031 | D:6      | Killed a hippogriff
  5031 | D:6      | Reached skill level 10 in Long Blades
  5186 | D:6      | Found a white marble altar of Elyvilon.
  5790 | D:3      | Killed htuhola's ghost
  5797 | D:3      | Reached **** piety under Trog
  6277 | D:7      | Reached skill level 11 in Long Blades
  6277 | D:7      | Reached XP level 9. HP: 73/78 MP: 8/8
  6409 | D:7      | Found a sand-covered staircase.
  6418 | Ossuary  | Entered an ossuary
  7541 | D:8      | Reached skill level 12 in Long Blades
  7568 | D:8      | Noticed a troll
  7576 | D:8      | Killed a troll
  7679 | D:8      | Noticed Pikel
  7694 | D:8      | Killed Pikel
  7694 | D:8      | Reached ***** piety under Trog
  7694 | D:8      | Reached XP level 10. HP: 70/88 MP: 9/9
  7749 | D:8      | Found a flagged portal.
  7756 | Bailey   | Entered a bailey
  7932 | Bailey   | Noticed an orc knight
  7944 | Bailey   | Killed an orc knight
  7944 | Bailey   | Reached skill level 13 in Long Blades
  8051 | Bailey   | Got a brightly glowing mace {crush}
  8480 | Bailey   | Identified the +8 mace "Beroplei" {crush, Int+8} (You took it off a kobold in a bailey)
  8526 | D:8      | Received a gift from Trog
  9455 | D:8      | Received a gift from Trog
  9602 | D:8      | Noticed Psyche
  9606 | D:8      | Found a shattered altar of Ashenzari.
  9610 | D:8      | Noticed Grum
  9620 | D:8      | Killed Psyche
  9622 | D:8      | Reached skill level 14 in Long Blades
  9622 | D:8      | Reached skill level 10 in Armour
  9627 | D:8      | Killed Grum
 10515 | D:9      | Noticed Erica
 10527 | D:9      | Reached XP level 11. HP: 92/97 MP: 10/10
 10560 | D:9      | Killed Erica
 11027 | D:10     | Entered Level 10 of the Dungeon
 11266 | D:10     | Noticed a two-headed ogre
 11273 | D:10     | Killed a two-headed ogre
 11389 | D:10     | Got an uncursed fine scimitar {slice}
 11390 | D:10     | Identified the +6 scimitar of Valour {slice, *Rage MR+ Int+3} (You took it off a centaur on level 10 of the Dungeon)
 11436 | D:10     | Received a gift from Trog
 11714 | D:10     | Reached skill level 10 in Fighting
 11896 | D:10     | Reached skill level 15 in Long Blades
 12128 | D:11     | Found a staircase to the Lair.
 12183 | D:11     | Noticed a white ugly thing
 12241 | D:11     | Noticed an eight-headed hydra
 12248 | D:11     | Killed a six-headed hydra
 12248 | D:11     | Reached skill level 1 in Shields
 12332 | D:11     | Found a snail-covered altar of Cheibriados.
 12444 | D:11     | Found a staircase to the Orcish Mines.
 12596 | D:11     | Killed an unseen horror
 12646 | D:12     | Noticed a purple ugly thing
 12671 | D:12     | Killed a purple ugly thing
 12741 | D:12     | Killed an unseen horror
 12759 | D:12     | Found an opulent altar of Gozag.
 12816 | D:12     | Reached XP level 12. HP: 87/108 MP: 11/11
 12909 | D:12     | Reached skill level 16 in Long Blades
 13394 | D:12     | Found a portal to a secret trove of treasure.
 13545 | D:12     | Found Nuokum Ewken's Food Shoppe.
 13545 | D:12     | Noticed a two-headed ogre
 13557 | D:12     | Killed a two-headed ogre
 13809 | D:13     | Noticed a centaur warrior
 13822 | D:13     | Killed a centaur warrior
 13829 | D:13     | Reached ****** piety under Trog
 13842 | D:13     | Received a gift from Trog
 14275 | D:13     | Reached skill level 5 in Shields
 14307 | D:13     | Got a pitted hunting sling
 14310 | D:13     | Identified the +3 hunting sling of Utax Puy {flame, rPois rN+ Int+4} (You found it on level 13 of the Dungeon)
 14378 | D:13     | Found a gate to the Vaults.
 14378 | D:13     | Noticed a vault guard
 14385 | D:13     | Killed a vault guard
 14387 | D:13     | Reached XP level 13. HP: 118/118 MP: 12/12
 14616 | D:14     | Noticed a fire dragon
 14638 | D:14     | Killed a fire dragon
 14646 | D:14     | Reached skill level 17 in Long Blades
 14919 | D:14     | Noticed a fire dragon
 14935 | D:14     | Killed a fire dragon
 14952 | D:14     | Found a shadowy altar of Dithmenos.
 15062 | D:14     | Found Metick's Magic Scroll Shoppe.
 15070 | D:14     | Bought a scroll of fog for 28 gold pieces
 15150 | D:14     | Reached skill level 5 in Dodging
 15277 | D:14     | Paralysed by a wizard for 6 turns
 15662 | D:14     | Received a gift from Trog
 15685 | D:14     | Identified a scroll of acquirement
 15746 | D:14     | Reached skill level 15 in Armour
 15947 | D:14     | Got a polished ring mail
 15959 | D:14     | Identified the +5 ring mail of the Stars {+Inv rC+ Regen+ Str+3} (You found it on level 14 of the Dungeon)
 15961 | D:14     | Identified the Compendium of Transformation and Stolen Souls
 16173 | D:14     | Got a twisted scale mail
 16184 | D:14     | Identified the +4 scale mail of Pyadghuj {Dex+3} (You found it on level 14 of the Dungeon)
 16429 | D:15     | Entered Level 15 of the Dungeon
 16698 | D:15     | Got an ichor-stained arbalest
 16729 | D:15     | Found Ethaif Ybig's Magic Scroll Shop.
 16733 | D:15     | Bought a scroll of fear for 63 gold pieces
 16840 | D:15     | Reached XP level 14. HP: 123/129 MP: 13/13
 16974 | D:15     | Found a staircase to the Depths.
 16983 | Depths:1 | Entered Level 1 of the Depths
 16983 | Depths:1 | Noticed a purple very ugly thing
 17108 | D:15     | Found a basalt altar of Yredelemnul.
 17158 | D:15     | Found a stormy altar of Qazlal.
 17393 | D:13     | Noticed a war gargoyle
 17414 | D:13     | Killed a war gargoyle
 17454 | D:13     | Noticed a frost giant
 17466 | D:13     | Killed a frost giant
 17466 | D:13     | Received a gift from Trog
 17599 | D:13     | Noticed a sphinx
 17605 | D:13     | Killed a sphinx
 17614 | D:13     | Identified the Compendium of Intoxication and the Volcanoes
 17957 | Orc:1    | Entered Level 1 of the Orcish Mines
 18086 | Orc:1    | Found Udopou's General Store.
 18102 | Orc:1    | Bought a potion of heal wounds for 65 gold pieces
 18161 | Orc:1    | Reached skill level 18 in Long Blades
 18402 | Orc:2    | Entered Level 2 of the Orcish Mines
 18867 | Orc:2    | Noticed an orc warlord
 18868 | Orc:2    | Found a roughly hewn altar of Beogh.
 18900 | Orc:2    | Killed an orc warlord
 18905 | Orc:2    | Received a gift from Trog
 19188 | Orc:2    | Found Riothut's Magic Scroll Emporium.
 19200 | Orc:2    | Bought a scroll of identify for 22 gold pieces
 19200 | Orc:2    | Bought a scroll of identify for 22 gold pieces
 19200 | Orc:2    | Bought a scroll of identify for 22 gold pieces
 19309 | Orc:2    | Found Xediem Xont's Distillery.
 19381 | Orc:2    | Bought a potion of curing for 42 gold pieces
 19456 | Orc:2    | Got a steaming platinum ring
 19458 | Orc:2    | Identified the ring of Jito {Wiz rPois} (You found it on level 2 of the Orcish Mines)
 19631 | Orc:2    | Found Agigyir's Assorted Antiques.
 19673 | Orc:2    | Bought a scroll of identify for 46 gold pieces
 19778 | Orc:2    | Found Siwneen's Armour Shop.
 19802 | Orc:2    | Bought the cursed +0 buckler of Disaster {rPois rCorr} for 274 gold pieces
 19869 | Orc:2    | Found a roughly hewn altar of Beogh.
 19996 | Orc:2    | Received a gift from Trog
 19996 | Orc:2    | Reached skill level 15 in Fighting
 20470 | Orc:2    | Found a staircase to the Elven Halls.
 20789 | Lair:1   | Entered Level 1 of the Lair of Beasts
 20799 | Lair:1   | Reached XP level 15. HP: 134/141 MP: 14/14
 21214 | Lair:1   | Got an iridescent flail
 21215 | Lair:1   | Identified the +1 flail of Pomeqel {flame, *Noise rElec rN+} (You found it on level 1 of the Lair of Beasts)
 21346 | Lair:1   | Received a gift from Trog
 22838 | Lair:3   | Found a hole to the Spider Nest.
 22982 | Lair:3   | Found a staircase to the Swamp.
 24062 | Lair:4   | Got a heavily runed leather armour
 24073 | Lair:4   | Identified the +1 leather armour of Ifaunn {rElec rPois Int+3} (You found it on level 4 of the Lair of Beasts)
 24104 | Lair:4   | Received a gift from Trog
 24478 | Lair:4   | Reached skill level 10 in Shields
 25067 | Lair:5   | Reached skill level 19 in Long Blades
 25454 | Lair:6   | Entered Level 6 of the Lair of Beasts
 25689 | Lair:6   | Found a glowing golden altar of the Shining One.
 25729 | Lair:6   | Found a staircase to the Slime Pits.
 26187 | Lair:6   | Received a gift from Trog
 26195 | Lair:6   | Got a shimmering long sword {god gift}
 26196 | Lair:6   | Identified the +6 long sword of a volcano {slice, +Blink +Fly Int-2} (Trog gifted it to you on level 6 of the Lair of Beasts)
 26942 | Spider:1 | Entered Level 1 of the Spider Nest
 27190 | Spider:1 | Reached XP level 16. HP: 146/152 MP: 15/15
 27332 | Spider:1 | Noticed Asterion
 27336 | Spider:1 | Noticed an Executioner
 27344 | Spider:1 | Killed Asterion
 27549 | Spider:1 | Reached skill level 10 in Dodging
 27749 | Spider:1 | Received a gift from Trog
 30028 | Spider:3 | Got a transparent platinum ring
 30034 | Spider:3 | Identified the ring of the Skies Above {Str+4 Stlth+} (You found it on level 3 of the Spider Nest)
 30260 | Spider:4 | Entered Level 4 of the Spider Nest
 30304 | Spider:4 | Received a gift from Trog
 30928 | Spider:4 | Reached XP level 17. HP: 162/162 MP: 16/16
 31390 | Spider:4 | Reached skill level 20 in Long Blades
 31729 | Spider:4 | Received a gift from Trog
 32186 | Spider:4 | Got a gossamer rune of Zot
 32585 | Swamp:1  | Entered Level 1 of the Swamp
 33054 | Swamp:1  | Received a gift from Trog
 33502 | Swamp:2  | Noticed a tentacled monstrosity
 33518 | Swamp:2  | Killed a tentacled monstrosity
 34036 | Swamp:2  | Paralysed by a hornet for 2 turns
 35191 | Swamp:3  | Received a gift from Trog
 35333 | Swamp:4  | Entered Level 4 of the Swamp
 35753 | Swamp:4  | Reached XP level 18. HP: 158/173 MP: 17/17
 36056 | Swamp:4  | Got a decaying rune of Zot
 36162 | Swamp:4  | Received a gift from Trog
 36884 | Swamp:4  | Upgraded the game from 0.22-a0-480-g991dd4b2b4 to 0.22-a0-482-g76e0a5f51a
 37160 | Vaults:1 | Entered Level 1 of the Vaults
 37397 | Vaults:1 | Reached skill level 21 in Long Blades
 37600 | Vaults:1 | Received a gift from Trog
 38380 | Vaults:1 | Paralysed by an orc sorcerer for 5 turns
 38948 | Vaults:1 | Reached XP level 19. HP: 147/185 MP: 18/18
 39080 | Vaults:2 | Received a gift from Trog
 39437 | Vaults:2 | Received a gift from Trog
 39889 | Vaults:2 | Reached skill level 22 in Long Blades
 40227 | Vaults:2 | Received a gift from Trog
 40917 | Vaults:3 | Found a staircase to the Crypt.
 41075 | Vaults:3 | Identified the +1 robe of the Amoeba {rPois rCorr Dex-4} (You found it on level 3 of the Vaults)
 41108 | Vaults:3 | Received a gift from Trog
 41621 | Vaults:3 | Reached skill level 15 in Shields
 42104 | Vaults:3 | Received a gift from Trog
 42130 | Vaults:3 | Reached skill level 15 in Dodging
 42158 | Vaults:3 | Received a gift from Trog
 42198 | Vaults:3 | Reached XP level 20. HP: 67/198 MP: 17/19
 42591 | Vaults:3 | Noticed Boris
 42614 | Vaults:3 | Killed Boris
 42651 | Vaults:3 | Reached skill level 23 in Long Blades
 42944 | Vaults:3 | Identified the cursed +1 spear "Ullorir" {antimagic, rPois rF- rC+} (You found it on level 3 of the Vaults)
 43152 | Vaults:4 | Found Finirpho's Antique Weapon Emporium.
 43177 | Vaults:4 | Received a gift from Trog
 44321 | Vaults:4 | Received a gift from Trog
 44323 | Vaults:4 | Gained mutation: You are occasionally teleported next to monsters. [a cacodemon]
 44331 | Vaults:4 | Gained mutation: You are sometimes teleported next to monsters. [a cacodemon]
 45063 | Vaults:5 | Entered Level 5 of the Vaults
 45387 | Vaults:5 | Reached XP level 21. HP: 102/209 MP: 20/20
 45602 | Vaults:5 | Noticed a golden dragon
 45607 | Vaults:5 | Killed a golden dragon
 45688 | Vaults:5 | HP: 4/209 [vault warden/long sword of slicing (15)]
 45688 | Vaults:5 | HP: 1/209 [vault warden/long sword of slicing (3)]
 45736 | Vaults:5 | HP: 8/209 [storm dragon/bolt of lightning (35)]
 45737 | Vaults:5 | Killed from afar by a titan

Vault maps used:
D:1:      minmay_arrival_widening_spiral_wide, kennysheep_nondescript,
          minivault_25
D:2:      cheibrodos_pilgrimage, amethyst_overflow_temple_binary,
          overflow_temple_1_default, minmay_pentomino_t4
D:4:      cheibrodos_quashed, kennysheep_mini_moat, old_standard_altar,
          old_standard_altar, minmay_temple_entry_purple_smoke, st_stairs_8,
          serial_park_tiny_2, trog_wizard
D:5:      kennysheep_spiral_hall, gammafunk_temple_overflow_arena, serial_shops,
          shop_coins, first_ration
D:6:      basic_altar, dk_vineyard_1, minmay_misc_feat_tiny, uniq_eustachio
D:7:      kennysheep_slugbush, nicolae_ossuary_entry_giza
D:8:      lemuel_round_altar, enter_bailey_2, david_nohive_1, uniq_grum,
          uniq_pikel, uniq_psyche
D:9:      serial_column_ruins, column_ruins_open_tiny,
          column_ruins_corridor_plus, column_ruins_corridor_straight,
          column_ruins_corridor_straight, column_ruins_open_tiny, uniq_erica
D:11:     dpeg_oklobed_lair, cheibriados_altar_1
D:12:     enter_trove_6, serial_shops, shop,
          nicolae_gozag_cash_rules_everything_around_me
D:13:     grunt_vaults_entry_tiered, minmay_diamond_spiral
D:14:     minmay_the_grid_triangle_9x9_rhombus_full, serial_shops, shop,
          nicolae_dithmenos_shadow_blocks
D:15:     hangedman_depths_entry_try_elsewhere_first,
          lemuel_mausoleum_altar_yredelemnul, serial_shops, shop,
          nicolae_qazlal_eye_of_the_storm
Temple:   eino_temple_lava
Lair:1:   lemuel_ratsnest
Lair:2:   st_stairs_7, lemuel_fruit_fields
Lair:3:   minmay_swamp_entry_eels, nicolae_spider_entry_tight_spaces,
          grunt_megastairs_4
Lair:4:   lemuel_fruit_tree, minmay_lair_oklob_chamber
Lair:6:   due_jungle_book, minmay_slime_entry_jelly_boxes, basic_altar,
          grunt_megastairs_1
Swamp:1:  evilmike_swamp_ruin_rubble_1, swamp_pool4
Swamp:2:  cheibrodos_swamp_monstrosity, evilmike_swamp_ruin_house_5,
          swamp_pool3, nicolae_swamp_dense_foliage
Swamp:3:  evilmike_swamp_ruin_rubble_2
Swamp:4:  swamp_alternative, swamp_pool2
Spider:1: uniq_asterion
Spider:2: nicolae_spider_cling_ruins
Spider:4: spider_rune_water
Orc:1:    serial_shops, shop
Orc:2:    pubby_orc_utopia
Vaults:1: v_alt_pattern_5, dpeg_vaults_monster_row,
          vaults_room_grunt_arrival_ludios, vaults_room_ringed_pool,
          hangedman_vaults_slice, ontoclasm_vaults_claustrophobia,
          vaults_standard_mumra_lines, ontoclasm_vaults_ring_square, v_misc_10,
          nicolae_vaults_shelves_hall
Vaults:2: nicolae_vaults_little_squares_1, nicolae_vaults_sealed_display,
          nicolae_vaults_big_angled_halls, st_lattice, v_misc_13, v_rooms_2,
          nicolae_vaults_what_the_h, hangedman_vaults_hat, vaults_mumra_chevron,
          v_misc_33, nicolae_vaults_theta, v_misc_8, v_misc_19,
          vaults_dpeg_spiral, nicolae_vaults_little_squares_3,
          nicolae_vaults_little_squares_3
Vaults:3: hangedman_vaults_pinch, minmay_crypt_entry_simple_plaza,
          st_hourglassy, v_misc_26, hangedman_vaults_maws,
          grunt_vaults_hallway_long, v_misc_3, hangedman_vaults_snaps,
          hangedman_vaults_trim, vaults_room_pool, vaults_room_pool,
          nicolae_vaults_little_squares_3, nicolae_vaults_little_ls,
          ontoclasm_vaults_twist, uniq_boris
Vaults:4: nicolae_vaults_an_arrangement, ontoclasm_vaults_loading_screen,
          ontoclasm_vaults_eye, v_misc_30, grunt_vaults_funnel,
          nicolae_vaults_network_square, v_alt_pattern_4,
          vaults_room_stairs_pillars, serial_shops, nicolae_shop_behind_doors
Depths:1: minmay_quarter_circles, grunt_decor_arrowhead, hell_entry,
          nicolae_abyss_entry_one_way_or_another, water_boxes_lemuel
Ossuary:  ossuary_tomb_3
Bailey:   bailey_axe_1, bailey

Skill      XL: |  1  2  3  4  5  6  7  8  9 10 11 12 13 14 15 16 17 18 19 20 21 |
---------------+----------------------------------------------------------------+-----
Fighting       | 4 5 6 7 9 10 12 13 15 16 17 18 20 21 22 | 22.7
Long Blades    | 4 5 6 7 9 11 12 14 15 16 17 18 19 20 21 22 23 | 23.9
Armour         | 3 4 5 7 8 10 12 13 15 16 17 | 17.3
Dodging        | 3 4 5 7 9 12 13 14 15 16 | 16.2
Shields        | 3 5 7 9 10 12 13 14 15 16 | 16.0

Action                   |  1- 3 |  4- 6 |  7- 9 | 10-12 | 13-15 | 16-18 | 19-21 || total
-------------------------+-------+-------+-------+-------+-------+-------+-------++-------
Melee: Falchion          |    49 |   176 |   313 |   542 |   426 |    12 |       ||  1518
       Headbutt          |    11 |    33 |    94 |   218 |   469 |   517 |   365 ||  1707
       Scimitar          |       |       |       |   251 |   922 |   221 |     2 ||  1396
       Great sword       |       |       |       |    54 |       |       |       ||    54
       Dagger            |       |       |       |       |    14 |       |       ||    14
       Quick blade       |       |       |       |       |    16 |       |       ||    16
       Demon blade       |       |       |       |       |    85 |    32 |    28 ||   145
       Long sword        |       |       |       |       |    51 |   787 |     5 ||   843
       Flail             |       |       |       |       |     5 |       |       ||     5
       Double sword      |       |       |       |       |       |   371 |   953 ||  1324
Throw: Tomahawk          |       |       |    28 |    18 |    27 |    43 |    11 ||   127
Invok: Berserk           |       |       |     8 |     8 |    11 |     9 |     8 ||    44
       Trog's Hand       |       |       |     1 |       |     2 |     1 |    12 ||    16
       Brothers in Arms  |       |       |       |       |     3 |     8 |    11 ||    22
 Abil: Evoke Blink       |       |       |       |       |       |     1 |       ||     1
       Evoke Invisibilit |       |       |       |       |       |       |     1 ||     1
Evoke: Wand              |       |       |       |     1 |       |     1 |     2 ||     4
  Use: Scroll            |       |     4 |     9 |     6 |    18 |     4 |    14 ||    55
       Potion            |       |       |     2 |     1 |     3 |     2 |     7 ||    15
 Stab: Distracted        |       |       |       |       |       |     3 |       ||     3
       Sleeping          |       |       |       |       |       |     2 |     2 ||     4
  Eat: Chunk             |     1 |     7 |    14 |    30 |    44 |    24 |    27 ||   147
       Ration            |       |       |     2 |     1 |     3 |     8 |     4 ||    18
Armor: Animal skin       |     1 |       |       |       |       |       |       ||     1
       Chain mail        |    29 |    74 |   158 |    37 |       |       |       ||   298
       Plate armour      |       |       |       |   388 |   111 |       |       ||   499
       Ring mail         |       |       |       |       |   283 |   529 |   247 ||  1059
Dodge: Dodged            |    33 |    56 |   144 |   320 |   622 |  1067 |   615 ||  2857
Block: Buckler           |       |       |       |    62 |   307 |   495 |   260 ||  1124
       Rpst.: Falchion   |    12 |    19 |    33 |    52 |    37 |     1 |       ||   154
       Scimitar          |       |       |       |    20 |    70 |    31 |       ||   121
       Great sword       |       |       |       |     3 |       |       |       ||     3
       Demon blade       |       |       |       |       |     5 |     5 |     2 ||    12
       Long sword        |       |       |       |       |     4 |   126 |     2 ||   132
       Double sword      |       |       |       |       |       |    34 |   103 ||   137

Table legend:
 A = Spawn XP
 B = Non-spawn XP
 C = Spawn XP percentage of total XP
 D = Spawn monster count
 E = Non-spawn monster count
 F = Spawn count percentage of total count
 G = Total turns spent on level
                    A         B        C        D         E        F      G
               +---------+---------+-------+---------+---------+-------+---------
         Total |       0 |  610740 |   0.0 |       0 |    1717 |   0.0 | 45737
               +---------+---------+-------+---------+---------+-------+---------
           D:1 |       0 |      36 |   0.0 |       0 |      21 |   0.0 |   920
           D:2 |       0 |     190 |   0.0 |       0 |      28 |   0.0 |   869
           D:3 |       0 |     411 |   0.0 |       0 |      25 |   0.0 |   758
           D:4 |       0 |     332 |   0.0 |       0 |      23 |   0.0 |  1234
           D:5 |       0 |     693 |   0.0 |       0 |      15 |   0.0 |  1508
           D:6 |       0 |     910 |   0.0 |       0 |      16 |   0.0 |   900
           D:7 |       0 |     824 |   0.0 |       0 |      38 |   0.0 |   830
           D:8 |       0 |    4363 |   0.0 |       0 |      49 |   0.0 |  1671
           D:9 |       0 |    3408 |   0.0 |       0 |      30 |   0.0 |  1183
          D:10 |       0 |    4225 |   0.0 |       0 |      41 |   0.0 |  1005
          D:11 |       0 |    3285 |   0.0 |       0 |      27 |   0.0 |   648
          D:12 |       0 |    9276 |   0.0 |       0 |      46 |   0.0 |  1227
          D:13 |       0 |   21062 |   0.0 |       0 |      52 |   0.0 |  1350
          D:14 |       0 |   16682 |   0.0 |       0 |      49 |   0.0 |  2038
          D:15 |       0 |   12462 |   0.0 |       0 |      45 |   0.0 |   777
        Lair:1 |       0 |    7270 |   0.0 |       0 |      66 |   0.0 |  1169
        Lair:2 |       0 |    4750 |   0.0 |       0 |      15 |   0.0 |   774
        Lair:3 |       0 |    7388 |   0.0 |       0 |      35 |   0.0 |  1298
        Lair:4 |       0 |    3132 |   0.0 |       0 |      11 |   0.0 |   896
        Lair:5 |       0 |    2085 |   0.0 |       0 |       6 |   0.0 |   800
        Lair:6 |       0 |   20556 |   0.0 |       0 |      59 |   0.0 |  1473
       Swamp:1 |       0 |    8634 |   0.0 |       0 |      21 |   0.0 |   842
       Swamp:2 |       0 |   14310 |   0.0 |       0 |      30 |   0.0 |  1307
       Swamp:3 |       0 |    4785 |   0.0 |       0 |      14 |   0.0 |   913
       Swamp:4 |       0 |   40374 |   0.0 |       0 |      75 |   0.0 |  1342
      Spider:1 |       0 |   25687 |   0.0 |       0 |      63 |   0.0 |  1228
      Spider:2 |       0 |   15141 |   0.0 |       0 |      35 |   0.0 |  1359
      Spider:3 |       0 |   14651 |   0.0 |       0 |      37 |   0.0 |   837
      Spider:4 |       0 |   44316 |   0.0 |       0 |      98 |   0.0 |  2032
         Orc:1 |       0 |     840 |   0.0 |       0 |      19 |   0.0 |   474
         Orc:2 |       0 |   21943 |   0.0 |       0 |     145 |   0.0 |  2342
      Vaults:1 |       0 |   61130 |   0.0 |       0 |     101 |   0.0 |  1906
      Vaults:2 |       0 |   55663 |   0.0 |       0 |     104 |   0.0 |  1814
      Vaults:3 |       0 |   66979 |   0.0 |       0 |     105 |   0.0 |  2243
      Vaults:4 |       0 |   72756 |   0.0 |       0 |      80 |   0.0 |  2237
      Vaults:5 |       0 |   38919 |   0.0 |       0 |      45 |   0.0 |   377
       Ossuary |       0 |     174 |   0.0 |       0 |      16 |   0.0 |   339
        Bailey |       0 |    1098 |   0.0 |       0 |      32 |   0.0 |   736
               +---------+---------+-------+---------+---------+-------+---------
